[Event "Titled Tuesday Blitz April 19 Late 2022"]
[White "Kanyamarala, Tarun"]
[Black "Kosteniuk, Alexandra"]
[WhiteFideId "45004714"]
[BlackFideId "4128125"]
[WhiteElo "2522"]
[BlackElo "2694"]
[Result "1-0"]
[Round "04"]
[TimeControl "180+1"]
[Date "2022.04.19"]
[WhiteClock "0:00:23"]
[BlackClock "0:00:07"]

1. d4 Nf6 2. c4 e6 3. Nc3 Bb4 4. e3 b6 5. Bd2 Bb7 6. Nf3 c5 7. a3 Bxc3 8. Bxc3 Ne4 9. Rc1 Nxc3 10. Rxc3 d6 11. d5 e5 12. e4 Nd7 13. Bd3 Nf8 14. g3 Ng6 15. h4 h5 16. Ng5 Bc8 17. Be2 Ne7 18. Bxh5 g6 19. Bg4 Ng8 20. Bxc8 Qxc8 21. Rf3 Nh6 22. Qa4+ Ke7 23. O-O a6 24. b4 Qe8 25. Qxe8+ Rhxe8 26. bxc5 bxc5 27. Rb3 Ra7 28. Rfb1 Rd8 29. Rb7+ Rd7 30. Rxa7 Rxa7 31. f3 Ng8 32. Kf2 Nf6 33. g4 Nd7 34. Ke3 Kf6 35. Nh3 Ke7 36. Nf2 Kd8 37. Nd3 Kc7 38. f4 exf4+ 39. Kxf4 Ra8 40. e5 dxe5+ 41. Nxe5 Nxe5 42. Kxe5 Rh8 43. Rh1 Rh7 44. Kf6 Kd7 45. h5 Kd6 46. h6 Kd7 47. g5 Kd6 48. Re1 1-0


[Site "https://www.chess.com"]

[Event "Titled Tuesday Blitz April 19 Late 2022"]
[White "Karttunen, Mika"]
[Black "Indjic, Aleksandar"]
[WhiteFideId "502081"]
[BlackFideId "911925"]
[WhiteElo "2343"]
[BlackElo "2616"]
[Result "0-1"]
[Round "04"]
[TimeControl "180+1"]
[Date "2022.04.19"]
[WhiteClock "0:00:04"]
[BlackClock "0:00:19"]

1. d4 Nf6 2. c4 c5 3. d5 e6 4. Nc3 exd5 5. cxd5 d6 6. e4 g6 7. f3 Bg7 8. Nge2 O-O 9. Ng3 h5 10. Be2 Nbd7 11. Bg5 a6 12. a4 Qe8 13. O-O Nh7 14. Bd2 h4 15. Nh1 f5 16. exf5 gxf5 17. f4 Bd4+ 18. Nf2 Ndf6 19. Kh1 Qg6 20. Nh3 Ng4 21. Qc2 Bd7 22. Bxg4 Qxg4 23. Rae1 Rae8 24. Qd3 Nf6 25. Ng5 Ne4 26. Ncxe4 fxe4 27. Qb3 b5 28. axb5 Bxb5 29. Ne6 Rf7 30. Rg1 Bxg1 31. Rxg1 Bd7 32. Be3 Bxe6 33. dxe6 Qxe6 34. Qc2 Rg7 35. Qe2 h3 36. g3 Qg4 37. Qxg4 Rxg4 38. Rd1 Re6 39. Kg1 Rg7 40. Kf2 Rb7 41. Rd2 Rb6 42. f5 Re7 43. g4 Kf7 44. Kg3 Rb3 45. Kf4 Rd3 46. Rc2 Rb7 47. g5 Rbb3 48. Re2 Rxe3 49. Rxe3 Rxe3 50. Kxe3 d5 51. Kf4 a5 52. b3 a4 53. bxa4 c4 54. Ke3 c3 55. a5 d4+ 56. Ke2 d3+ 57. Ke3 c2 58. Kd2 e3+ 59. Kxd3 c1=Q 60. g6+ Kf6 61. a6 Qd2+ 0-1


[Site "https://www.chess.com"]

[Event "Titled Tuesday Blitz April 19 Late 2022"]
[White "Kavyev, Ruslan"]
[Black "Perrine, Dalton"]
[WhiteFideId "34110981"]
[BlackFideId "2048434"]
[WhiteElo "2182"]
[BlackElo "2467"]
[Result "0-1"]
[Round "04"]
[TimeControl "180+1"]
[Date "2022.04.19"]
[WhiteClock "0:00:15"]
[BlackClock "0:00:47"]

1. d4 Nf6 2. c4 c5 3. d5 b5 4. cxb5 a6 5. bxa6 g6 6. Nc3 Bxa6 7. e4 Qa5 8. Bxa6 Nxa6 9. Bd2 Nb4 10. Bg5 Qa6 11. Bxf6 exf6 12. Nge2 Nd3+ 13. Kf1 Nxb2 14. Qc2 Nd3 15. a4 Bg7 16. g3 f5 17. exf5 c4 18. Kg2 O-O 19. Rab1 Qf6 20. Ne4 Qxf5 21. Qxc4 Ne5 22. Qc2 Rfc8 23. N2c3 Rxc3 24. Qxc3 Qxe4+ 25. Kh3 Nf3 26. Qe3 Qxd5 27. Rb5 Ng5+ 28. Kh4 Rxa4+ 29. f4 Qxb5 30. Qe8+ Bf8 31. Rc1 Nf3+ 32. Kh3 Qh5+ 33. Kg2 Ra2+ 34. Kf1 Qh3# 0-1


[Site "https://www.chess.com"]

[Event "Titled Tuesday Blitz April 19 Late 2022"]
[White "Kazakouski, Valery"]
[Black "Aroesti, Roee"]
[WhiteFideId "13507443"]
[BlackFideId "2817144"]
[WhiteElo "2524"]
[BlackElo "2068"]
[Result "1/2-1/2"]
[Round "04"]
[TimeControl "180+1"]
[Date "2022.04.19"]
[WhiteClock "0:00:05"]
[BlackClock "0:00:05"]

1. d4 d5 2. c4 c6 3. Nf3 Nf6 4. Qc2 g6 5. Bf4 Bg7 6. e3 O-O 7. Nc3 a6 8. h3 Be6 9. c5 Nbd7 10. Qb3 Ra7 11. Bd3 Ne4 12. Qc2 Ndf6 13. Bxe4 Nxe4 14. Nxe4 dxe4 15. Ng5 Qa5+ 16. Kf1 Bd5 17. Nxe4 Qb5+ 18. Kg1 Bxe4 19. Qxe4 Qxb2 20. Qb1 Qc3 21. Qc1 Qa5 22. Kh2 Re8 23. Qb2 e5 24. dxe5 Qxc5 25. Rac1 Bxe5 26. Rxc5 Bxb2 27. Rb1 Bf6 28. Rc2 Kg7 29. Bd6 Be5+ 30. Bxe5+ Rxe5 31. Rd1 Re7 32. a4 Ra8 33. a5 Re5 34. Rd7 Rb5 35. Rc4 g5 36. h4 h6 37. hxg5 hxg5 38. Kg3 Re8 39. Rc7 Kg6 40. Rd4 Re6 41. Rdd7 Rf6 42. Rxb7 Rxa5 43. Rb8 Ra2 44. f3 Re6 45. e4 Kf6 46. Rg8 Rc2 47. Ra7 c5 48. Rga8 c4 49. Rxa6 Rxa6 50. Rxa6+ Kg7 51. Rc6 f6 52. Rc7+ Kg6 53. Rc6 Kg7 54. Rc5 c3 55. Kh3 Kg6 56. g3 Rc1 57. Kg4 Kg7 58. Rc6 c2 59. Kf5 Rf1 60. Rc7+ Kg8 61. Rxc2 Rxf3+ 62. Kg6 Kf8 63. g4 Ke7 64. Rc6 Rf4 65. Ra6 Rxe4 66. Rxf6 Rxg4 67. Rf1 Rg3 68. Kh5 Rg2 69. Kg6 Re2 70. Kxg5 Re5+ 71. Kf4 Re6 72. Kg4 Rf6 73. Ra1 Re6 74. Ra7+ Kd6 75. Ra6+ Kd5 76. Rxe6 Kxe6 1/2-1/2


[Site "https://www.chess.com"]

[Event "Titled Tuesday Blitz April 19 Late 2022"]
[White "Koelle, Tobias"]
[Black "Novikova, Galina"]
[WhiteFideId "16207378"]
[BlackFideId "4157095"]
[WhiteElo "2541"]
[BlackElo "1863"]
[Result "1-0"]
[Round "04"]
[TimeControl "180+1"]
[Date "2022.04.19"]
[WhiteClock "0:00:10"]
[BlackClock "0:00:02"]

1. Nf3 e6 2. c4 f5 3. g3 Nf6 4. Bg2 Be7 5. O-O O-O 6. d3 d6 7. Nc3 e5 8. e4 Nc6 9. exf5 Bxf5 10. d4 e4 11. Ng5 Qd7 12. Ngxe4 Nxe4 13. Nxe4 Bh3 14. Be3 Bxg2 15. Kxg2 Qf5 16. Nc3 Bg5 17. Bxg5 Qxg5 18. Nd5 Rf7 19. Qd3 Raf8 20. f4 Qg4 21. Rad1 Nd8 22. Qf3 Qd7 23. Rde1 c6 24. Nc3 Ne6 25. d5 Nd4 26. Qd3 c5 27. Ne2 Nf5 28. Ng1 Re7 29. Nf3 Rfe8 30. Kg1 h6 31. Kf2 a6 32. b3 b5 33. Rxe7 Rxe7 34. Re1 Rxe1 35. Kxe1 bxc4 36. bxc4 Qe7+ 37. Kf2 Qf6 38. Qd2 Qa1 39. g4 Ne7 40. Qe2 Ng6 41. Kg3 Qc1 42. Qe4 Nf8 43. h4 Qb2 44. g5 hxg5 45. fxg5 Qxa2 46. h5 Qa1 47. Qf4 Qc3 48. g6 Qf6 49. Qxf6 gxf6 50. Nh4 a5 51. Nf5 a4 52. Ne3 a3 53. Nc2 a2 54. Kg4 Nd7 55. Kf5 Kg7 56. Ke6 Ne5 57. Kxd6 Nxc4+ 58. Kxc5 Na3 59. Na1 Nb1 60. d6 Kf8 61. g7+ Kxg7 62. d7 Nd2 63. d8=Q Ne4+ 64. Kd4 Ng5 65. Qe7+ Nf7 66. h6+ Kg6 67. h7 1-0


[Site "https://www.chess.com"]

[Event "Titled Tuesday Blitz April 19 Late 2022"]
[White "Kohler, Aran"]
[Black "Mikhalsky, Vladimir"]
[WhiteFideId "1002856"]
[BlackFideId "14144352"]
[WhiteElo "2303"]
[BlackElo "2301"]
[Result "0-1"]
[Round "04"]
[TimeControl "180+1"]
[Date "2022.04.19"]
[WhiteClock "0:00:17"]
[BlackClock "0:00:07"]

1. d4 Nf6 2. Nf3 g6 3. c3 Bg7 4. Bg5 O-O 5. Nbd2 c5 6. e3 b6 7. Bd3 Bb7 8. h4 h6 9. h5 hxg5 10. hxg6 g4 11. Ng5 fxg6 12. Bxg6 e6 13. Qc2 Nc6 14. O-O-O cxd4 15. Bh7+ Kh8 16. Bf5+ Kg8 17. Bh7+ Kh8 18. Rh4 dxc3 19. Bg6+ Kg8 20. Bh7+ Kh8 21. bxc3 Ne5 22. Nde4 Bxe4 23. Nxe4 Nxe4 24. Bxe4+ Qxh4 25. Bxa8 Rxa8 26. g3 Qh7 27. e4 Rc8 28. Kb2 Nc4+ 29. Kb3 d5 30. Qc1 Na5+ 31. Ka4 Rc4+ 32. Kb5 Bh6 33. Qf4 Bxf4 34. gxf4 Qd7+ 35. Ka6 Qc8+ 36. Kb5 Qc6+ 37. Ka6 b5+ 38. Kxa7 Qb7# 0-1


[Site "https://www.chess.com"]

[Event "Titled Tuesday Blitz April 19 Late 2022"]
[White "Korchmar, Vasiliy"]
[Black "Barria Zuniga, Daniel"]
[WhiteFideId "24131750"]
[BlackFideId "3400816"]
[WhiteElo "2370"]
[BlackElo "2414"]
[Result "1-0"]
[Round "04"]
[TimeControl "180+1"]
[Date "2022.04.19"]
[WhiteClock "0:00:34"]
[BlackClock "0:00:17"]

1. d4 e6 2. Bf4 f5 3. e3 Nf6 4. Nf3 Nc6 5. h3 d6 6. Be2 Bd7 7. c4 Qe7 8. Nc3 h6 9. Bh2 g5 10. d5 exd5 11. cxd5 Nb4 12. Qb3 a5 13. a3 Na6 14. Qxb7 Qd8 15. Nb5 Bg7 16. Rc1 O-O 17. Nxc7 Nc5 18. Rxc5 dxc5 19. Qxa8 Qxa8 20. Nxa8 Rxa8 21. Ne5 Be8 22. O-O Rb8 23. Nc4 Rb3 24. Rd1 Nd7 25. Bc7 a4 26. d6 Bf7 27. Rc1 Bxb2 28. Nxb2 Rxb2 29. Bf3 Rb3 30. Bc6 Be6 31. Bxa4 Rxa3 32. Bxd7 Bxd7 33. Rxc5 Kf7 34. Re5 Bb5 35. Rxb5 1-0


[Site "https://www.chess.com"]

[Event "Titled Tuesday Blitz April 19 Late 2022"]
[White "Kozak, Adam"]
[Black "Babazada, Khazar"]
[WhiteFideId "753246"]
[BlackFideId "13413554"]
[WhiteElo "2459"]
[BlackElo "2406"]
[Result "1-0"]
[Round "04"]
[TimeControl "180+1"]
[Date "2022.04.19"]
[WhiteClock "0:00:43"]
[BlackClock "0:00:30"]

1. Nf3 Nf6 2. c4 g6 3. Nc3 Bg7 4. e4 d6 5. d4 O-O 6. Be2 Na6 7. O-O e5 8. Be3 Qe7 9. dxe5 dxe5 10. Nd5 Nxd5 11. cxd5 f5 12. Rc1 f4 13. Bd2 Nc5 14. Qc2 b6 15. b4 Nd7 16. Qxc7 Kh8 17. d6 Qf6 18. Bb5 Rf7 19. Bc3 Nf8 20. Bxe5 Qe6 21. Bxg7+ Rxg7 22. Bc6 Rxc7 23. dxc7 Qe7 24. Bxa8 Ne6 25. Rc2 g5 26. Bd5 g4 27. Bxe6 Qxe6 28. Nd4 Qxe4 29. Rd1 f3 30. Rcd2 Kg7 31. Nb5 Ba6 32. Nd6 Qxb4 33. c8=Q Bxc8 34. Nxc8 fxg2 35. Nd6 h5 36. Nf5+ Kf6 37. Ne3 Qe4 38. Rd6+ Kg5 39. R1d5+ Kh4 40. Nxg2+ 1-0


[Site "https://www.chess.com"]

[Event "Titled Tuesday Blitz April 19 Late 2022"]
[White "Koziorowicz, Michal"]
[Black "Aigner, Michael"]
[WhiteFideId "21809194"]
[BlackFideId "2017288"]
[WhiteElo "2235"]
[BlackElo "2413"]
[Result "1-0"]
[Round "04"]
[TimeControl "180+1"]
[Date "2022.04.19"]
[WhiteClock "0:00:57"]
[BlackClock "0:00:39"]

1. Nc3 d5 2. d4 c6 3. Qd3 Nf6 4. Bg5 Nbd7 5. e4 dxe4 6. Nxe4 Nxe4 7. Qxe4 Qa5+ 8. Bd2 Qb6 9. O-O-O Nf6 10. Qh4 Bf5 11. Nf3 e6 12. Bc4 Be7 13. Qf4 Nd5 14. Qg3 Bg6 15. h4 Bf6 16. h5 Bf5 17. h6 g6 18. Bb3 a5 19. Bg5 Qd8 20. Bxf6 Qxf6 21. Qe5 Qxe5 22. dxe5 Ke7 23. Nd4 Rhd8 24. Rh4 g5 25. Nxf5+ exf5 26. Rhd4 Nf4 27. Rxd8 Rxd8 28. Rxd8 Kxd8 29. Bxf7 Nxg2 30. Bg6 f4 31. Bxh7 Ke7 32. Be4 Kf8 33. Bxg2 1-0


[Site "https://www.chess.com"]

[Event "Titled Tuesday Blitz April 19 Late 2022"]
[White "Kujawski, Adam"]
[Black "Lehtosaari, Mauri"]
[WhiteFideId "1100920"]
[BlackFideId "501999"]
[WhiteElo "2053"]
[BlackElo "2459"]
[Result "0-1"]
[Round "04"]
[TimeControl "180+1"]
[Date "2022.04.19"]
[WhiteClock "0:00:23"]
[BlackClock "0:00:25"]

1. e4 c5 2. Nf3 e6 3. d4 cxd4 4. Nxd4 Qb6 5. Nc3 Bc5 6. Be3 Nc6 7. Na4 Qa5+ 8. c3 Bxd4 9. Bxd4 Nxd4 10. Qxd4 e5 11. Qc4 Nf6 12. f3 O-O 13. Qb5 Qc7 14. Qc5 Qxc5 15. Nxc5 d5 16. exd5 Nxd5 17. O-O-O Ne3 18. Re1 Nxf1 19. Rhxf1 b6 20. Nd3 f6 21. f4 Ba6 22. Rf3 e4 23. Rxe4 Bb7 24. Rfe3 Bxe4 25. Rxe4 Rfe8 26. Ra4 Re2 27. g4 Rxh2 28. g5 Rd8 29. Nb4 fxg5 30. fxg5 Rf8 0-1


[Site "https://www.chess.com"]

[Event "Titled Tuesday Blitz April 19 Late 2022"]
[White "Ladan, Nicholas"]
[Black "Sztokbant, Bernardo Vainzoff"]
[WhiteFideId "30918855"]
[BlackFideId "2115956"]
[WhiteElo "2167"]
[BlackElo "2225"]
[Result "1/2-1/2"]
[Round "04"]
[TimeControl "180+1"]
[Date "2022.04.19"]
[WhiteClock "0:00:07"]
[BlackClock "0:00:14"]

1. d4 d5 2. c4 c6 3. Nf3 Nf6 4. g3 e6 5. Bg2 Nbd7 6. O-O Be7 7. Nbd2 O-O 8. Qc2 b6 9. e4 dxe4 10. Nxe4 Bb7 11. Rd1 Nxe4 12. Qxe4 Nf6 13. Qe2 Qc7 14. Bf4 Bd6 15. Bxd6 Qxd6 16. Ne5 Qc7 17. Rac1 c5 18. Bxb7 Qxb7 19. dxc5 bxc5 20. b3 Rad8 21. h4 Qc7 22. Nf3 g6 23. Qe5 Qxe5 24. Nxe5 Kg7 25. Nc6 Rc8 26. Na5 Rfd8 27. Nb7 Rxd1+ 28. Rxd1 Rc7 29. Na5 Ne4 30. Rd8 Nc3 31. a3 Kf6 32. b4 Nb1 33. Rd3 a6 34. Kf1 e5 35. Ke2 e4 36. Rb3 Nxa3 37. Rxa3 cxb4 38. Rb3 Rc5 39. Nb7 Rxc4 40. Nd6 Rd4 41. Nb7 Ke5 42. Nc5 a5 43. Rb1 Kd5 44. Nb3 Rc4 45. Rd1+ Ke5 46. Nxa5 Rc2+ 47. Rd2 Rc5 48. Nb3 Rc3 49. Rb2 Kd5 50. Nd2 f5 51. Rxb4 Rc2 52. Rb7 h6 53. Rb6 Rc6 54. Rxc6 Kxc6 55. Ke3 Kd5 56. Nb3 g5 57. h5 Ke5 58. Nd2 f4+ 59. Ke2 Kf5 60. f3 exf3+ 61. Kxf3 g4+ 62. Kf2 fxg3+ 63. Kxg3 Kg5 64. Ne4+ Kxh5 65. Nf2 Kg5 66. Nxg4 h5 67. Nf2 h4+ 68. Kg2 h3+ 69. Nxh3+ 1/2-1/2


[Site "https://www.chess.com"]

[Event "Titled Tuesday Blitz April 19 Late 2022"]
[White "Leitao, Rafael"]
[Black "Sanchez Alvares, Kelvin Antonio"]
[WhiteFideId "2101246"]
[BlackFideId "3906680"]
[WhiteElo "2609"]
[BlackElo "2193"]
[Result "1-0"]
[Round "04"]
[TimeControl "180+1"]
[Date "2022.04.19"]
[WhiteClock "0:01:30"]
[BlackClock "0:01:17"]

1. e4 e5 2. Nf3 Nc6 3. Bb5 a6 4. Ba4 b5 5. Bb3 Nf6 6. d3 Bc5 7. Nc3 h6 8. Nd5 d6 9. c3 Rb8 10. O-O Nxd5 11. exd5 Ne7 12. d4 exd4 13. Nxd4 O-O 14. Qf3 Bxd4 15. cxd4 Ng6 16. g3 Bh3 17. Re1 Qd7 18. Bd2 Rfe8 19. Bc2 Bg4 20. Qd3 Nf8 21. Ba5 Bh5 22. Qf5 Qxf5 23. Bxf5 g6 24. Bh3 Rxe1+ 25. Rxe1 Rb7 26. g4 1-0


[Site "https://www.chess.com"]

[Event "Titled Tuesday Blitz April 19 Late 2022"]
[White "Leiva, Gianmarco"]
[Black "Martic, Ivan"]
[WhiteFideId "3804399"]
[BlackFideId "929301"]
[WhiteElo "2760"]
[BlackElo "2556"]
[Result "0-1"]
[Round "04"]
[TimeControl "180+1"]
[Date "2022.04.19"]
[WhiteClock "0:00:06"]
[BlackClock "0:00:31"]

1. e4 c5 2. Nf3 e6 3. g3 Nc6 4. Bg2 Nf6 5. Qe2 e5 6. O-O Be7 7. d3 O-O 8. c3 Re8 9. Na3 h6 10. Nh4 d5 11. Nf5 Bxf5 12. exf5 Qd7 13. g4 e4 14. dxe4 dxe4 15. Bf4 Rad8 16. Rad1 Qc8 17. h3 Nd5 18. Bg3 Bg5 19. Qc4 Nf4 20. Qxc5 e3 21. Bxf4 Bxf4 22. Qc4 exf2+ 23. Kxf2 Be3+ 24. Ke1 Qc7 25. Rxd8 Qg3+ 26. Kd1 Rxd8+ 27. Bd5 Qg2 0-1


[Site "https://www.chess.com"]

[Event "Titled Tuesday Blitz April 19 Late 2022"]
[White "Lock, Gavin R"]
[Black "Jegorovas, Aleksandras"]
[WhiteFideId "408646"]
[BlackFideId "12801950"]
[WhiteElo "2104"]
[BlackElo "2247"]
[Result "0-1"]
[Round "04"]
[TimeControl "180+1"]
[Date "2022.04.19"]
[WhiteClock "0:00:10"]
[BlackClock "0:00:44"]

1. d4 e6 2. Nf3 Nf6 3. Bf4 c5 4. c3 d5 5. e3 Bd6 6. Nbd2 Qc7 7. Bxd6 Qxd6 8. Ne5 Nfd7 9. f4 Nc6 10. Bd3 O-O 11. O-O g6 12. Qg4 Kg7 13. h4 Nf6 14. Qf3 h5 15. Qg3 Ne7 16. Rae1 Nf5 17. Qf2 c4 18. Bc2 b5 19. e4 dxe4 20. Nxe4 Nxe4 21. Bxe4 Rb8 22. g3 Bb7 23. Bxb7 Rxb7 24. Qf3 Rb6 25. Rd1 Rd8 26. Rf2 Qd5 27. Qxd5 exd5 28. Rf3 f6 29. g4 fxe5 30. gxf5 e4 31. Rg3 Rf8 32. fxg6 Rxg6 33. Rxg6+ Kxg6 34. Rf1 Kf5 35. Kg2 Kg4 36. b3 Rxf4 37. Rb1 e3 38. bxc4 bxc4 39. Rb7 Rf2+ 40. Kg1 Rxa2 41. Re7 Kf3 42. Rf7+ Ke4 43. Re7+ Kd3 44. Re5 Ra1+ 45. Kg2 e2 46. Kf2 Rf1+ 0-1


[Site "https://www.chess.com"]

[Event "Titled Tuesday Blitz April 19 Late 2022"]
[White "Martinez Reyes, Pedro Ramon"]
[Black "Beerdsen, Thomas"]
[WhiteFideId "3901807"]
[BlackFideId "1030108"]
[WhiteElo "2541"]
[BlackElo "2753"]
[Result "1-0"]
[Round "04"]
[TimeControl "180+1"]
[Date "2022.04.19"]
[WhiteClock "0:00:31"]
[BlackClock "0:00:08"]

1. g4 h5 2. g5 h4 3. d4 c5 4. d5 d6 5. c4 b5 6. cxb5 a6 7. bxa6 Bxa6 8. Nc3 g6 9. Qa4+ Nd7 10. Bh3 Bg7 11. Bd2 Bb7 12. Qb5 Ba6 13. Qc6 Ra7 14. Nf3 Kf8 15. O-O Bc8 16. Rab1 Rc7 17. Qb5 Rb7 18. Qc6 Rb6 19. Qa4 Rb4 20. Qa8 Nb6 21. Qb8 Ke8 22. Bxc8 Nxc8 23. Qa8 h3 24. Qc6+ Kf8 25. Kh1 e6 26. dxe6 Nge7 27. Qd7 Qb6 28. Nd5 Qb5 29. Bxb4 Qxe2 30. Qd8# 1-0


[Site "https://www.chess.com"]

[Event "Titled Tuesday Blitz April 19 Late 2022"]
[White "Mekhitarian, Krikor Sevag"]
[Black "Hamley, Ryan"]
[WhiteFideId "2107660"]
[BlackFideId "30959497"]
[WhiteElo "2706"]
[BlackElo "2527"]
[Result "1-0"]
[Round "04"]
[TimeControl "180+1"]
[Date "2022.04.19"]
[WhiteClock "0:00:04"]
[BlackClock "0:00:02"]

1. Nf3 g6 2. c4 Bg7 3. Nc3 e5 4. g3 Ne7 5. Bg2 O-O 6. O-O c6 7. d4 d6 8. h3 Nd7 9. e4 Qc7 10. Re1 a5 11. Be3 h6 12. Qd2 Kh7 13. Rad1 f5 14. dxe5 dxe5 15. Qc2 f4 16. Bc1 Nc5 17. b3 fxg3 18. fxg3 Bxh3 19. Bxh3 Rxf3 20. Kg2 Raf8 21. Bg4 R3f6 22. Be3 Ne6 23. Bxe6 Rxe6 24. Qd2 g5 25. Qd7 Qc8 26. Na4 Ng6 27. Nb6 Qe8 28. Bc5 Rf7 29. Qxe8 Rxe8 30. Rd3 Bf8 31. Nd7 Bxc5 32. Nxc5 Nf8 33. Red1 Ne6 34. Nxe6 Rxe6 35. Rd6 Rxd6 36. Rxd6 Kg7 37. Re6 Rd7 38. Rxe5 Rd2+ 39. Kf3 Rxa2 40. Re7+ Kf6 41. Rxb7 Ra3 42. Kg4 a4 43. bxa4 Rxa4 44. Rh7 Kg6 45. Re7 Rxc4 46. Re6+ Kg7 47. Kf5 Rc1 48. Re7+ Kf8 49. Rh7 Rf1+ 50. Ke6 Re1 51. e5 Re3 52. g4 c5 53. Kf6 Rf3+ 54. Kg6 c4 55. Rc7 c3 56. e6 Re3 57. Kf6 Rf3+ 58. Ke5 Re3+ 59. Kd5 1-0


[Site "https://www.chess.com"]

[Event "Titled Tuesday Blitz April 19 Late 2022"]
[White "Melikhov, Evgeny V."]
[Black "Tsukerman, Julia"]
[WhiteFideId "4122046"]
[BlackFideId "2621649"]
[WhiteElo "1931"]
[BlackElo "2226"]
[Result "1/2-1/2"]
[Round "04"]
[TimeControl "180+1"]
[Date "2022.04.19"]
[WhiteClock "0:00:26"]
[BlackClock "0:00:37"]

1. d4 d5 2. c4 e6 3. Nc3 Nf6 4. cxd5 exd5 5. Bg5 Be7 6. e3 Nbd7 7. Bd3 c6 8. Qc2 Nh5 9. Bxe7 Qxe7 10. Nge2 g6 11. O-O Ndf6 12. Rae1 O-O 13. Nc1 Ng7 14. Nb3 Bf5 15. f3 Bxd3 16. Qxd3 Rad8 17. Qd2 Rfe8 18. Nc5 Ne6 19. Nxe6 Qxe6 20. Na4 b6 21. b4 Qd6 22. a3 Nd7 23. Rc1 Qe6 24. Rc3 Rc8 25. Rfc1 b5 26. Nc5 Nxc5 27. Rxc5 Qxe3+ 28. Qxe3 Rxe3 29. Rxc6 Rxc6 30. Rxc6 Rxa3 31. Rc5 a6 32. Rxd5 Rb3 33. Rd6 Rxb4 34. Rxa6 Rxd4 35. Rb6 Rd5 36. Kf2 Kf8 37. Ke3 Ke7 38. Ke4 Rc5 39. g4 h5 40. h4 hxg4 41. fxg4 Rc4+ 42. Kf3 b4 43. h5 gxh5 44. gxh5 Kf8 45. h6 Kg8 46. Rb7 f5 47. Rg7+ Kh8 48. Rf7 b3 49. Rb7 Rh4 50. Kg3 Rxh6 51. Rxb3 Rf6 52. Kf4 Kg7 53. Rb5 Kg6 54. Ra5 Rd6 55. Rxf5 Rd4+ 56. Ke3 Kxf5 57. Kxd4 1/2-1/2


[Site "https://www.chess.com"]

[Event "Titled Tuesday Blitz April 19 Late 2022"]
[White "Mitra, Roman C"]
[Black "Saraci, Nderim"]
[WhiteFideId "419540"]
[BlackFideId "6351921"]
[WhiteElo "2174"]
[BlackElo "2553"]
[Result "0-1"]
[Round "04"]
[TimeControl "180+1"]
[Date "2022.04.19"]
[WhiteClock "0:00:02"]
[BlackClock "0:00:06"]

1. c4 b6 2. Nf3 Bb7 3. e3 g6 4. Nc3 Bg7 5. b3 f5 6. Bb2 Nf6 7. g3 O-O 8. Bg2 d6 9. O-O e5 10. d3 Nbd7 11. Qc2 Qe7 12. b4 a5 13. a3 e4 14. Ne1 exd3 15. Nxd3 Bxg2 16. Kxg2 Qf7 17. Nb5 Rfc8 18. Nf4 d5 19. c5 g5 20. Ne2 bxc5 21. bxc5 Rab8 22. a4 Ne4 23. Bxg7 Kxg7 24. c6 Ne5 25. Ned4 Kg6 26. Rae1 Rb6 27. f3 Nd6 28. f4 Nec4 29. fxg5 Kxg5 30. e4 dxe4 31. Qc1+ Kg6 32. Qf4 Qd5 33. h4 h6 34. g4 Rf8 35. gxf5+ Kh7 36. Kh3 Rf7 37. Nxd6 Nxd6 38. Ne6 Rxf5 39. Nf8+ Kg8 40. Rg1+ Kxf8 41. Qxh6+ Ke8 42. Qh8+ Rf8 43. Qh7 Rb3+ 44. Kh2 Qe5+ 45. Kh1 Qf5 0-1


[Site "https://www.chess.com"]

[Event "Titled Tuesday Blitz April 19 Late 2022"]
[White "Najer, Evgeniy"]
[Black "Keymer, Vincent"]
[WhiteFideId "4118987"]
[BlackFideId "12940690"]
[WhiteElo "2562"]
[BlackElo "2557"]
[Result "0-1"]
[Round "04"]
[TimeControl "180+1"]
[Date "2022.04.19"]
[WhiteClock "0:00:10"]
[BlackClock "0:00:10"]

1. e4 c6 2. d4 d5 3. e5 Bf5 4. Nf3 e6 5. Be2 c5 6. O-O Nc6 7. c3 a6 8. Be3 Qb6 9. Qb3 Qxb3 10. axb3 Bxb1 11. Rfxb1 cxd4 12. Nxd4 Nxe5 13. b4 Nf6 14. b5 a5 15. b6 Bd6 16. Nb5 Ke7 17. Nc7 Bxc7 18. bxc7 Nfd7 19. Bb5 Rhc8 20. Bd4 f6 21. b4 Nc6 22. Bxc6 bxc6 23. Rxa5 Rxa5 24. bxa5 c5 25. Be3 Rxc7 26. a6 Ra7 27. Rb7 Rxa6 28. g4 Kd6 29. h4 Ra3 30. Bf4+ e5 31. Bd2 Ra2 32. Be3 h6 33. g5 hxg5 34. hxg5 Rc2 35. gxf6 gxf6 0-1


[Site "https://www.chess.com"]

[Event "Titled Tuesday Blitz April 19 Late 2022"]
[White "Nakamura, Hikaru"]
[Black "Vlassov, Nikolai"]
[WhiteFideId "2016192"]
[BlackFideId "4103360"]
[WhiteElo "2850"]
[BlackElo "2407"]
[Result "1-0"]
[Round "04"]
[TimeControl "180+1"]
[Date "2022.04.19"]
[WhiteClock "0:01:40"]
[BlackClock "0:00:44"]

1. Nf3 g6 2. e4 Bg7 3. d4 c6 4. Bd3 d5 5. e5 f6 6. O-O Bg4 7. Nbd2 fxe5 8. dxe5 Bxe5 9. h3 Bxf3 10. Nxf3 Bf6 11. Re1 Nd7 12. c4 Qb6 13. cxd5 cxd5 14. Be3 Qxb2 15. Rb1 Qxa2 16. Rxb7 Bc3 17. Bd4 Bxd4 18. Nxd4 Ngf6 19. Ne6 Rc8 20. Bb5 a6 21. Bxd7+ Nxd7 22. Ng7+ Kd8 23. Ne6+ Ke8 24. Qd4 Rg8 25. Ng7+ Kd8 26. Ne6+ Ke8 27. Qh4 Nf6 28. Qxf6 exf6 29. Ng5+ Kd8 30. Nf7# 1-0


[Site "https://www.chess.com"]

[Event "Titled Tuesday Blitz April 19 Late 2022"]
[White "Nasuta, Grzegorz"]
[Black "Bortnyk, Olexandr"]
[WhiteFideId "1141686"]
[BlackFideId "14120828"]
[WhiteElo "2396"]
[BlackElo "2723"]
[Result "0-1"]
[Round "04"]
[TimeControl "180+1"]
[Date "2022.04.19"]
[WhiteClock "0:01:26"]
[BlackClock "0:01:49"]

1. d4 d6 2. e4 Nf6 3. Nc3 Nbd7 4. g4 h6 5. Be3 e5 6. f3 c6 7. Qd2 d5 8. exd5 cxd5 9. Bb5 Bd6 10. dxe5 Bxe5 11. O-O-O O-O 12. Nxd5 Nxd5 13. Qxd5 Qf6 14. Bd4 Bxd4 15. Qxd4 Qg5+ 16. f4 Qxb5 17. Nf3 Qc5 18. Qxc5 Nxc5 19. f5 b6 20. Rhe1 Bb7 21. Ne5 Rfe8 22. Nc4 Bf3 0-1


[Site "https://www.chess.com"]

[Event "Titled Tuesday Blitz April 19 Late 2022"]
[White "Nathan, Nitish"]
[Black "Jacobson, Aaron"]
[WhiteFideId "30927870"]
[BlackFideId "2089912"]
[WhiteElo "2271"]
[BlackElo "2265"]
[Result "1-0"]
[Round "04"]
[TimeControl "180+1"]
[Date "2022.04.19"]
[WhiteClock "0:01:41"]
[BlackClock "0:01:21"]

1. d4 Nf6 2. Bf4 g6 3. e3 Bg7 4. Nf3 O-O 5. Be2 b6 6. h3 Bb7 7. O-O d6 8. a4 a5 9. c4 Nbd7 10. Nc3 Qe8 11. Bh2 e5 12. Re1 Qe7 13. Qb3 Ne4 14. Nxe4 Bxe4 15. Rad1 Kh8 16. Nd2 Bb7 17. Bf3 e4 18. Be2 f5 19. Nb1 g5 20. Nc3 f4 21. Bg4 Nf6 22. Be2 f3 23. Bf1 g4 24. c5 Bc8 25. cxd6 cxd6 26. Qxb6 Rd8 27. Nb5 Nd5 28. Bxd6 Qg5 29. Qc6 gxh3 30. g3 h2+ 31. Kh1 Qh5 32. Qxa8 Bh3 33. Qxd8+ 1-0


[Site "https://www.chess.com"]

[Event "Titled Tuesday Blitz April 19 Late 2022"]
[White "Nazaretyan, Tigran"]
[Black "Koc, Przemyslaw"]
[WhiteFideId "24162345"]
[BlackFideId "1109081"]
[WhiteElo "2658"]
[BlackElo "2494"]
[Result "1-0"]
[Round "04"]
[TimeControl "180+1"]
[Date "2022.04.19"]
[WhiteClock "0:00:26"]
[BlackClock "0:00:21"]

1. d4 f5 2. Nf3 Nf6 3. g3 g6 4. Bg2 Bg7 5. O-O O-O 6. c4 d6 7. Nc3 Qe8 8. b3 e5 9. dxe5 Ng4 10. Bb2 Nxe5 11. Qd2 Nbc6 12. Nd5 Nxf3+ 13. Bxf3 Qf7 14. Rad1 Be6 15. Nf4 Bxb2 16. Nxe6 Bf6 17. Bd5 Kh8 18. Nxf8 Qxf8 19. b4 Re8 20. Bxc6 bxc6 21. Rfe1 Re4 22. Qc2 Qf7 23. Rc1 h5 24. Red1 h4 25. e3 Qh7 26. c5 d5 27. b5 Qh5 28. Rd3 Rc4 29. Qd1 Qxd1+ 30. Rdxd1 hxg3 31. hxg3 cxb5 32. c6 Bb2 33. Rb1 Rc2 34. Rxd5 a6 35. Rd8+ Kg7 36. Rd7+ Kf6 37. Rxc7 Be5 38. Rc8 Ke6 39. Rd1 b4 40. f4 Bd6 41. Re8+ Be7 42. Rd7 Rxc6 43. Rexe7+ Kf6 44. Rc7 Rd6 45. Red7 Rb6 46. Kf2 a5 47. Ra7 a4 48. Rdb7 1-0


[Site "https://www.chess.com"]